 Dungeon Crawl Stone Soup version 0.22.1-2-g9c5b331 (webtiles) character file.

284 Tiagovsky the Skirmisher (level 6, -12/56 HPs)
             Began as a Hill Orc Fighter on Dec 29, 2018.
             Mangled by an orc
             ... wielding a +2 hand axe of electrocution
              (14 damage)
             ... on level 4 of the Dungeon.
             The game lasted 00:17:03 (2392 turns).

Tiagovsky the Skirmisher (Hill Orc Fighter)         Turns: 2392, Time: 00:17:04

Health: -12/56     AC:  9    Str: 20    XL:     6   Next: 29%
Magic:  6/6        EV:  7    Int:  8    God:
Gold:   72         SH: 10    Dex: 11    Spells: 5/5 levels left

rFire    . . .     SeeInvis .   a - +0 war axe
rCold    . . .     Gourm    .   c - +0 shield
rNeg     . . .     Faith    .   s - +0 scale mail
rPois    .         Spirit   .   u - +0 helmet
rElec    .         Reflect  .   (no cloak)
rCorr    .         Harm     .   m - +0 pair of gloves
MR       .....                  (no boots)
Stlth    ..........             (no amulet)
HPRegen  0.18/turn              (no ring)
MPRegen  0.10/turn              (no ring)

@: no status effects
A: no striking features
a: no special abilities


You were on level 4 of the Dungeon.
You were very hungry.

You visited 1 branch of the dungeon, and saw 4 of its levels.

You collected 72 gold pieces.

Inventory:

Hand Weapons
 a - a +0 war axe (weapon)
 b - a +0 hunting sling
 z - a +2 hand axe of flaming
Missiles
 h - 109 stones (quivered)
 k - 43 arrows
 l - 23 sling bullets
 q - 2 throwing nets
 w - 20 bolts
Armour
 c - a +0 shield (worn)
 g - a +0 animal skin
 m - a +0 pair of gloves (worn)
 s - a +0 scale mail (worn)
 u - a +0 helmet (worn)
Jewellery
 r - an uncursed ring of poison resistance {unknown}
Scrolls
 j - 2 scrolls of remove curse {unknown}
 n - 2 scrolls of enchant weapon {unknown}
 o - a scroll of random uselessness {unknown}
 p - 3 scrolls of teleportation {unknown}
 t - a scroll of magic mapping {unknown}
 y - a scroll of immolation {unknown}
Potions
 d - 2 potions of might
 e - a potion of flight {unknown}
 i - a potion of curing {unknown}
 v - a potion of cancellation {unknown}
 x - a potion of agility {unknown}
Comestibles
 f - 5 rations


   Skills:
 + Level 5.6 Fighting
 + Level 2.7 Axes
 + Level 5.0 Armour
 + Level 5.1 Shields


You had 5 spell levels left.
You didn't know any spells.
Your spell library was empty.

Dungeon Overview and Level Annotations

Branches:
Dungeon (4/15)
 Temple: D:4-7

Altars:

Annotations:
D:4 Purgy


Message History

Purgy claws you but does no damage. Purgy closely misses you.
The bat hits you but does no damage. Purgy bites you.
* * * LOW HITPOINT WARNING * * *
You block Purgy's attack. x2
There is a stone staircase leading down here.
You block the orc's attack. The bat hits you but does no damage.
Purgy bites you but does no damage. Purgy claws you but does no damage. x2
You climb downwards.
There is a stone staircase leading up here.
You hit the orc but do no damage. You completely miss Purgy.
The orc hits you but does no damage.
You are electrocuted!
* * * LOW HITPOINT WARNING * * *
Purgy closely misses you. You block Purgy's attack. x2
You hit the orc.
The orc is heavily wounded.
You barely miss Purgy.
The orc hits you with a hand axe of electrocution.
* * * LOW HITPOINT WARNING * * *
You are electrocuted!
You die...

.
.##
..#
#.#
#.#
#.#
#T#
#@#
#o#
#.#
#.#
#..
#.#
#.#
#.#


You could see Purgy and an orc.

Vanquished Creatures
  Sigmund (D:2)
  Jessica (D:3)
  Robin (D:2)
  2 adders
  A worm (D:2)
  2 dart slugs (D:1)
  A leopard gecko (D:1)
  2 giant cockroaches (D:1)
  15 goblins
  9 hobgoblins
  4 jackals
  9 bats
  3 frilled lizards
  5 kobolds
  4 rats
60 creatures vanquished.

Notes
Turn   | Place    | Note
-------+----------+-------------------------------------------
     0 | D:1      | Tiagovsky the Hill Orc Fighter began the quest for the Orb.
     0 | D:1      | Reached XP level 1. HP: 19/19 MP: 1/1
   252 | D:1      | Reached XP level 2. HP: 27/27 MP: 2/2
   788 | D:1      | Reached XP level 3. HP: 33/33 MP: 3/3
  1279 | D:2      | Noticed Sigmund
  1289 | D:2      | Killed Sigmund
  1289 | D:2      | Reached skill level 5 in Fighting
  1289 | D:2      | Reached XP level 4. HP: 40/42 MP: 4/4
  1289 | D:2      | Reached XP level 5. HP: 45/48 MP: 5/5
  1311 | D:2      | Noticed Robin
  1598 | D:2      | Killed Robin
  1598 | D:2      | Reached XP level 6. HP: 55/56 MP: 6/6
  1779 | D:2      | Reached skill level 5 in Shields
  2220 | D:3      | Noticed Jessica
  2223 | D:3      | Killed Jessica
  2223 | D:3      | Reached skill level 5 in Armour
  2350 | D:3      | Noticed Purgy
  2392 | D:4      | HP: 2/56 [orc/hand axe of electrocution (1)]
  2392 | D:4      | Mangled by an orc

Skill      XL: |  1  2  3  4  5  6 |
---------------+-------------------+-----
Fighting       | 4 5 |  5.6
Armour         | 4 5 |  5.0
Shields        | 4 5 |  5.1
Axes           | |  2.7

Action                   |  1- 3 |  4- 6 || total
-------------------------+-------+-------++-------
Melee: War axe           |   122 |    91 ||   213
 Fire: Hunting sling     |     3 |     8 ||    11
Throw: Stone             |     3 |    18 ||    21
  Eat: Chunk             |     1 |     3 ||     4
Armor: Scale mail        |    78 |   131 ||   209
Dodge: Dodged            |    59 |    66 ||   125
Block: Shield            |    91 |   131 ||   222
